 Dungeon Crawl Stone Soup version 0.21.1-1-g345015f (webtiles) character file.

244 goulibeur the Distorting Demonspawn (level 5, -2/42 HPs)
             Began as a Demonspawn Abyssal Knight on June 21, 2018.
             Was a Believer of Lugonu.
             Killed from afar by an orc wizard (12 damage)
             ... with a puff of frost
             ... on level 5 of the Dungeon.
             The game lasted 00:14:29 (3877 turns).

goulibeur the Distorting Demonspawn (DsAK)          Turns: 3877, Time: 00:14:30

Health: -2/42      AC: 15    Str: 12    XL:     5   Next: 83%
Magic:  9/9        EV: 11    Int: 13    God:    Lugonu [**....]
Gold:   153        SH:  0    Dex: 14    Spells: 4/4 levels left

rFire    + . .     SeeInvis .   j - +0 flail
rCold    . . .     Gourm    .   (no shield)
rNeg     . . .     Faith    .   n - +5 ring mail {rF+}
rPois    .         Spirit   .   (no helmet)
rElec    .         Reflect  .   (no cloak)
rCorr    .         Harm     .   l - +0 pair of gloves
MR       .....                  (no boots)
Stlth    ++........             (no amulet)
HPRegen  0.14/turn              f - ring of stealth
MPRegen  0.11/turn              (no ring)

@: about to teleport
A: iridescent scales 2
a: Depart the Abyss, Bend Space, Renounce Religion


You were on level 5 of the Dungeon.
You worshipped Lugonu.
Lugonu was pleased with you.
You were not hungry.

You visited 1 branch of the dungeon, and saw 6 of its levels.
You visited the Abyss 1 time.

You collected 153 gold pieces.

Inventory:

Hand Weapons
 a - a +1 short sword
 j - a +0 flail (weapon)
Armour
 b - a +0 leather armour
 k - a +0 ring mail
 l - a +0 pair of gloves (worn)
 n - a +5 ring mail of fire resistance (worn)
Jewellery
 f - a ring of stealth (left hand)
 p - an uncursed ring of magical power {unknown}
 t - an uncursed amulet of rage {unknown}
Wands
 m - a wand of iceblast (8)
Scrolls
 h - 3 scrolls of identify
Potions
 g - a potion of curing
 i - a potion of lignification {unknown}
Comestibles
 c - 10 rations
 d - a chunk of flesh


   Skills:
 + Level 3.9 Fighting
 - Level 1.7 Short Blades
 + Level 2.9 Armour
 + Level 2.3 Dodging
 * Level 5.4 Invocations


You had 4 spell levels left.
You didn't know any spells.

Dungeon Overview and Level Annotations

Branches:
Dungeon (6/15)
 Temple: D:4-7

Altars:
Sif Muna
Trog
Uskayaw

Annotations:
D:4 Blork the orc, Menkaure


Innate Abilities, Weirdness & Mutations

You are mostly covered in iridescent scales. (AC +4)


Message History

You hit the orc warrior.
The orc warrior is moderately wounded.
The orc wizard gestures at you while chanting.
The puff of frost hits you! The worker ant misses you.
The orc warrior hits you but does no damage.
The worker ant bites you but does no damage.
The orc wizard hits you but does no damage.
As you read the scroll of teleportation, it crumbles to dust.
You feel strangely unstable.
The orc warrior hits you with a scimitar!
The worker ant closely misses you.
The orc wizard points at you and mumbles some strange words.
The puff of frost hits you!
You closely miss the worker ant.
The worker ant bites you but does no damage.
The orc warrior hits you with a scimitar.
* * * LOW HITPOINT WARNING * * *
The orc wizard points at you and mumbles some strange words.
The puff of frost hits you!
You die...

### ### ###8###8###
#####8...8...8###
...##........o######
...#_........o@#...#
#####........a##...#
###8...8...8##...#
###8###8### ......
### ### ..### ....
####


You could see an orc warrior, a worker ant and an orc wizard.

Vanquished Creatures
  An orc priest (D:3)
  2 orc wizards (D:3)
  Ijyb (D:3)
  Natasha (D:2)
  A worker ant (D:5)
  2 adders (D:2)
  A worm (D:2)
  2 dart slugs
  A leopard gecko (D:1)
  6 orcs
  A giant cockroach (D:1)
  4 goblins
  3 hobgoblins
  5 jackals
  2 quokkas
  2 ball pythons (D:3)
  3 bats
  3 frilled lizards (D:1)
  10 kobolds
  7 rats
58 creatures vanquished.

Notes
Turn   | Place    | Note
-------+----------+-------------------------------------------
     0 | Abyss:1  | goulibeur the Demonspawn Abyssal Knight began the quest for the Orb.
     0 | Abyss:1  | Reached XP level 1. HP: 18/18 MP: 2/2
    64 | Abyss:1  | Noticed an ancient zyme
    67 | D:1      | Escaped the Abyss
   144 | D:1      | Reached skill level 1 in Dodging
   270 | D:1      | Gained mutation: You are partially covered in iridescent scales. (AC +2) [demonic ancestry]
   270 | D:1      | Reached XP level 2. HP: 6/24 MP: 4/4
   512 | D:1      | Reached * piety under Lugonu
   512 | D:1      | Reached skill level 3 in Invocations
   986 | D:2      | Found a bloodstained altar of Trog.
   993 | D:2      | Gained mutation: You are mostly covered in iridescent scales. (AC +4) [demonic ancestry]
   993 | D:2      | Reached XP level 3. HP: 22/29 MP: 5/5
  2005 | D:2      | Noticed Natasha
  2016 | D:2      | Killed Natasha
  2016 | D:2      | Reached skill level 4 in Invocations
  2016 | D:2      | Reached XP level 4. HP: 25/35 MP: 5/7
  2460 | D:3      | Noticed Ijyb
  2499 | D:3      | Killed Ijyb
  2499 | D:3      | Reached XP level 5. HP: 36/42 MP: 8/8
  2849 | D:3      | Reached ** piety under Lugonu
  2980 | D:3      | Found a hide-covered altar of Uskayaw.
  3149 | D:3      | Reached skill level 5 in Invocations
  3562 | D:4      | Noticed Menkaure
  3648 | D:4      | Noticed Blork the orc
  3652 | D:5      | Entered Level 5 of the Dungeon
  3789 | D:5      | Found a deep blue altar of Sif Muna.
  3870 | D:6      | Noticed an orc warrior
  3870 | D:6      | Noticed a centaur
  3877 | D:5      | Killed from afar by an orc wizard

Skill      XL: |  1  2  3  4  5 |
---------------+----------------+-----
Dodging        | 1 2 |  2.3
Invocations    | 3 4 5 |  5.4
Armour         | 2 |  2.9
Fighting       | |  3.9
Short Blades   | |  1.7

Action                   |  1- 3 |  4- 6 || total
-------------------------+-------+-------++-------
Melee: Short sword       |   137 |       ||   137
       Flail             |    12 |   152 ||   164
Invok: Depart the Abyss  |     1 |       ||     1
Evoke: Wand              |       |     1 ||     1
  Use: Scroll            |       |     7 ||     7
 Stab: Sleeping          |       |     4 ||     4
  Eat: Chunk             |     3 |     7 ||    10
Armor: Leather armour    |    31 |       ||    31
       Ring mail         |     4 |   100 ||   104
Dodge: Dodged            |    90 |   109 ||   199
